 Dungeon Crawl Stone Soup version 0.20-a0-379-gc0b65bf (webtiles) character file.

287 Duffy the Chopper (level 6, -1/57 HPs)
             Began as a Naga Chaos Knight on Dec 29, 2016.
             Slain by an iguana (4 damage)
             ... on level 4 of the Dungeon.
             The game lasted 00:03:48 (3585 turns).

Duffy the Chopper (Naga Chaos Knight)               Turns: 3585, Time: 00:03:48

Health: -1/57      AC:  6    Str: 16    XL:     6   Next: 30%
Magic:  6/6        EV:  9    Int: 13    God:    Xom [.....*]
Gold:   161        SH:  0    Dex: 10    Spells: 5/5 levels left

rFire  . . .     SeeInvis +     a - +0 hand axe (chaos)
rCold  . . .     Gourm    .     b - +2 leather armour
rNeg   . . .     Faith    .     (no shield)
rPois  +         Spirit   .     (no helmet)
rElec  .         Reflect  .     t - +0 cloak
rCorr  .         Harm     .     (no gloves)
MR     .....                    (no barding)
Stlth  +.........               (no amulet)
                                (no ring)
                                (no ring)

@: short of breath, very slow
A: see invisible, deformed body, poison resistance, slowness 2, slow metabolism
1, spit poison 1, AC +2
a: Spit Poison, Renounce Religion


You were on level 4 of the Dungeon.
You worshipped Xom.
You were Xom's teddy bear.
You were hungry.

You visited 1 branch of the dungeon, and saw 4 of its levels.

You collected 161 gold pieces.

Inventory:

Hand Weapons
 a - a +0 hand axe of chaos (weapon)
 w - a +2 flail of holy wrath
Missiles
 y - a throwing net (quivered)
Armour
 b - a +2 leather armour (worn)
 r - a +0 scale mail
 t - a +0 cloak (worn)
Jewellery
 h - an uncursed amulet of magic regeneration {unknown}
 s - an uncursed ring of poison resistance {unknown}
Scrolls
 d - a scroll of random uselessness {unknown}
 e - 2 scrolls of remove curse {unknown}
 f - a scroll of blinking {unknown}
 j - 2 scrolls of teleportation {unknown}
 m - 2 scrolls of identify {unknown}
 n - a scroll of enchant weapon {unknown}
 p - a scroll of amnesia {unknown}
 u - a scroll of enchant armour {unknown}
Potions
 g - a potion of haste {unknown}
 i - a potion of heal wounds
 k - a potion of cure mutation {unknown}
 o - a potion of flight {unknown}
 q - a potion of degeneration {unknown}
 v - a potion of curing {unknown}
 x - a potion of cancellation {unknown}
Comestibles
 c - 2 bread rations
 l - 2 meat rations
 A - a royal jelly


   Skills:
 + Level 3.8 Fighting
 + Level 6.4 Axes
 - Level 1.5 Armour
 - Level 0.7 Dodging


You had 5 spell levels left.
You didn't know any spells.

Dungeon Overview and Level Annotations

Branches:
Dungeon (4/15)
 Temple: D:4-7

Altars:
Okawaru


Innate Abilities, Weirdness & Mutations

You cannot wear boots.
Your serpentine skin is tough. (AC +2)
You have supernaturally acute eyesight. (SInv)
Armour fits poorly on your strangely shaped body.
Your system is resistant to poisons. (rPois)
You cover ground very slowly.
You have a slow metabolism.
You can spit poison.


Message History

You are too injured to fight recklessly!
You are too injured to fight recklessly!
You closely miss the iguana.
The iguana is moderately wounded.
You barely miss the worker ant. The iguana bites you! The worker ant bites you.
The iguana barely misses you.
Press: ? - help, Shift-Dir - straight line, f - iguana
Aim: an iguana (moderately wounded, berserk, fast, unusually strong)
The splash of poison hits the iguana.
The iguana appears unharmed.
The iguana is moderately wounded.
You feel slightly more hungry.
The worker ant bites you but does no damage.
The iguana bites you!
You closely miss the worker ant.
Your leather armour prevents you from hitting the iguana.
The iguana bites you.
The worker ant bites you but does no damage.
The iguana bites you.
You die...
Xom thinks this is hilarious!

... .. ..
.....##.#.###
......#.#...
......#.#..#
......#.#..#
........#..#
#+#.....#l.#####
........@.......
...###a...#####
.......#..##
.............
.......#.#.###
##.....#....#
#..######..#
.... ..# .#.


You could see an iguana (berserk) and a worker ant.

Vanquished Creatures
  Jessica (D:3)
  An orc wizard (D:2)
  10 adders
  3 gnolls (D:3)
  An ooze (D:3)
  3 worms (D:2)
  5 dart slugs
  3 leopard geckos
  8 orcs
  12 bats
  5 giant cockroaches
  8 goblins
  6 hobgoblins
  3 jackals (D:1)
  2 quokkas (D:2)
  3 ball pythons (D:2)
  3 frilled lizards
  7 kobolds
  12 rats
96 creatures vanquished.

Vanquished Creatures (collateral kills)
  A kobold (D:2)
1 creature vanquished.

Grand Total: 97 creatures vanquished

Notes
Turn   | Place    | Note
-------+----------+-------------------------------------------
     0 | D:1      | Duffy the Naga Chaos Knight began the quest for the Orb.
     0 | D:1      | Reached XP level 1. HP: 21/21 MP: 1/1
    31 | D:1      | XOM: harmless Ice miscast
   105 | D:1      | Reached XP level 2. HP: 27/28 MP: 2/2
   465 | D:1      | Reached skill level 4 in Axes
   502 | D:1      | Reached XP level 3. HP: 29/34 MP: 3/3
  1031 | D:1      | XOM is BORED!
  1031 | D:1      | XOM: summons 1 hostile demon
  1367 | D:2      | Found an iron altar of Okawaru.
  1394 | D:2      | Reached XP level 4. HP: 40/42 MP: 4/4
  1949 | D:2      | Reached skill level 5 in Axes
  2013 | D:2      | XOM: scenery: 1 doors close
  2217 | D:2      | XOM: divination: detect creatures
  2300 | D:2      | Reached XP level 5. HP: 49/49 MP: 5/5
  2618 | D:3      | Reached skill level 6 in Axes
  2834 | D:3      | Reached XP level 6. HP: 19/56 MP: 6/6
  3095 | D:3      | Noticed Jessica
  3100 | D:3      | XOM: summons friendly crimson imp
  3102 | D:3      | Killed Jessica
  3554 | D:3      | XOM: divination: magic mapping
  3585 | D:4      | Slain by an iguana

Vault maps used:
D:1:      tarquinn_simple_flora_water_f, minmay_fountain_box, minmay_liquid_box
D:2:      okawaru_gym_becter, minmay_box_of_dots
D:3:      uniq_jessica
D:4:      yredelemnul_altar_generic, tgw_sif, first_bread, minmay_cut_off

Skill      XL: |  1  2  3  4  5 |
---------------+----------------+-----
Axes           | 4 5 6 |  6.4
Fighting       | |  3.8
Armour         | |  1.5
Dodging        | |  0.7

Action                   |  1- 3 |  4- 6 || total
-------------------------+-------+-------++-------
Melee: Hand axe          |    96 |   192 ||   288
 Abil: Spit Poison       |     5 |     9 ||    14
 Stab: Confused          |     1 |       ||     1
  Eat: Chunk             |     1 |     6 ||     7
Armor: Leather armour    |    55 |    83 ||   138
Dodge: Dodged            |    45 |   102 ||   147
